[Event "Titled Tuesday Blitz April 26 Late 2022"]
[White "Maksimovic, Bojan"]
[Black "Yoo, Christopher Woojin"]
[WhiteFideId "14408120"]
[BlackFideId "30909694"]
[WhiteElo "2448"]
[BlackElo "2105"]
[Result "0-1"]
[Round "08"]
[TimeControl "180+1"]
[Date "2022.04.26"]
[WhiteClock "0:00:08"]
[BlackClock "0:00:04"]

1. e4 c5 2. Nf3 e6 3. d4 cxd4 4. Nxd4 Nc6 5. Nc3 Qc7 6. Be2 Nf6 7. a3 a6 8. Be3 b5 9. Nxc6 dxc6 10. O-O Bb7 11. f4 c5 12. e5 Rd8 13. Qe1 Nd5 14. Nxd5 Bxd5 15. a4 Qc6 16. axb5 axb5 17. Qg3 g6 18. Ra7 Rd7 19. Rfa1 Rxa7 20. Rxa7 Bg7 21. Qf2 O-O 22. Bxc5 Rc8 23. b4 Bf8 24. Bd3 Be4 25. h3 Bxd3 26. cxd3 Bxc5 27. bxc5 Qxc5 28. Qxc5 Rxc5 29. Rb7 Rc1+ 30. Kf2 Rc2+ 31. Kf3 Rb2 32. d4 b4 33. Rb8+ Kg7 34. Rb7 b3 35. d5 exd5 36. e6 Rb1 37. e7 Re1 38. Rxb3 Rxe7 39. Rb6 Rd7 40. Ke3 Ra7 41. Kd4 Ra4+ 42. Ke5 Re4+ 43. Kxd5 Rxf4 44. Rb2 Kf6 45. Rb6+ Kg5 46. Rb2 h5 47. Ke5 f6+ 48. Ke6 Ra4 49. h4+ Rxh4 50. Rb5+ f5 51. Rb6 Ra4 52. Rb7 Ra6+ 53. Kf7 Kg4 54. Rb3 f4 55. Kg7 g5 56. Rc3 h4 57. Rc2 Ra3 58. Rb2 f3 59. Kg6 fxg2 60. Rxg2+ Rg3 61. Rh2 h3 62. Ra2 Rg2 63. Ra4+ Kg3 64. Ra3+ Kh2 65. Kh5 g4 66. Kh4 Kh1 67. Ra1+ Rg1 68. Ra2 h2 69. Rb2 g3 70. Kh3 g2 71. Rc2 Ra1 72. Rc3 g1=Q 73. Re3 Qxe3+ 74. Kh4 Kg2 75. Kh5 Ra5+ 76. Kg6 Qg5+ 77. Kf7 Re5 78. Kf8 Qe7+ 0-1


[Site "https://www.chess.com"]

[Event "Titled Tuesday Blitz April 26 Late 2022"]
[White "Mardov, Dimitar"]
[Black "Sevian, Samuel"]
[WhiteFideId "30919495"]
[BlackFideId "2040506"]
[WhiteElo "2185"]
[BlackElo "2698"]
[Result "0-1"]
[Round "08"]
[TimeControl "180+1"]
[Date "2022.04.26"]
[WhiteClock "0:00:02"]
[BlackClock "0:00:06"]

1. e4 c5 2. Nf3 e6 3. d4 cxd4 4. Nxd4 a6 5. Bd3 Bc5 6. Nb3 Ba7 7. O-O d6 8. Qg4 Nf6 9. Qxg7 Rg8 10. Qh6 Nbd7 11. Nc3 b5 12. Bg5 Rg6 13. Qh4 h6 14. Bxh6 Ne5 15. Bg5 Bb7 16. Kh1 b4 17. Ne2 Rxg5 18. Qxg5 Nxe4 19. Qxd8+ Rxd8 20. Bxe4 Bxe4 21. Ned4 Bd5 22. Rfd1 Kd7 23. f3 Nc4 24. Rab1 Rg8 25. Re1 a5 26. a4 bxa3 27. bxa3 a4 28. Nb5 axb3 29. cxb3 Nd2 30. Rb2 Nxf3 31. Rf1 Bd4 32. Rc2 Bc6 33. Rxf3 Bxb5 34. Rxf7+ Kd8 35. Rb7 Rg5 36. h4 Rh5 37. g3 Bd3 38. Rb8+ Ke7 39. Rd2 Be4+ 40. Kh2 e5 41. a4 Rf5 42. Re2 Bd5 43. Rb4 Rf1 44. Kh3 Bf3 45. Rh2 Bc5 46. Rb8 e4 47. Rh8 e3 48. a5 e2 0-1


[Site "https://www.chess.com"]

[Event "Titled Tuesday Blitz April 26 Late 2022"]
[White "Martin Barcelo, Carles"]
[Black "Migot, Tangi"]
[WhiteFideId "24561444"]
[BlackFideId "662445"]
[WhiteElo "1875"]
[BlackElo "2512"]
[Result "1-0"]
[Round "08"]
[TimeControl "180+1"]
[Date "2022.04.26"]
[WhiteClock "0:00:09"]
[BlackClock "0:00:01"]

1. e4 c5 2. Nf3 d6 3. d4 cxd4 4. Qxd4 Bd7 5. Be2 Nc6 6. Qe3 Nf6 7. h3 g6 8. O-O Bg7 9. Rd1 O-O 10. c4 Rc8 11. Nc3 Qa5 12. a3 Rfd8 13. Rb1 Ne5 14. b4 Nxf3+ 15. Qxf3 Qc7 16. Bf4 Be6 17. Nd5 Bxd5 18. exd5 b6 19. Re1 a5 20. Bd3 axb4 21. axb4 Ra8 22. Bf1 Re8 23. Re3 Nd7 24. Rbe1 Ne5 25. Qe4 Ra4 26. Bxe5 Bxe5 27. b5 Ra1 28. Rxa1 Bxa1 29. h4 Qc5 30. h5 Qd4 31. Qxd4 Bxd4 32. Rd3 Bg7 33. hxg6 hxg6 34. Ra3 Bd4 35. Ra2 Kg7 36. Bd3 Rh8 37. g3 Rh5 38. Kg2 Kf6 39. g4 Rh8 40. Re2 Be5 41. Ra2 Rh2+ 42. Kg1 Rh3 43. Be2 Rc3 44. Kg2 Rc2 45. Rxc2 Kg5 46. Bf3 1-0


[Site "https://www.chess.com"]

[Event "Titled Tuesday Blitz April 26 Late 2022"]
[White "Martinez Alcantara, Jose Eduardo"]
[Black "Ohanyan, Emin"]
[WhiteFideId "3805662"]
[BlackFideId "13312022"]
[WhiteElo "2690"]
[BlackElo "1927"]
[Result "1-0"]
[Round "08"]
[TimeControl "180+1"]
[Date "2022.04.26"]
[WhiteClock "0:00:08"]
[BlackClock "0:00:07"]

1. e4 e5 2. Nf3 Nc6 3. Bb5 f5 4. d3 fxe4 5. dxe4 Nf6 6. O-O Bc5 7. Bxc6 bxc6 8. Nxe5 O-O 9. Nc3 d6 10. Nd3 Bb6 11. Bg5 Qe8 12. Bxf6 Rxf6 13. Kh1 Rh6 14. Qf3 Qg6 15. e5 Bg4 16. Qg3 Bf5 17. exd6 Qxg3 18. fxg3 Bxd3 19. cxd3 Rxd6 20. Rad1 Bd4 21. Ne4 Rd5 22. b3 a5 23. h4 a4 24. Rf3 axb3 25. axb3 h6 26. Rc1 c5 27. Kh2 Rb8 28. Rb1 c6 29. Kh3 Rd7 30. g4 Rdb7 31. Nd2 Bc3 32. Ne4 Bd4 33. Rbf1 Rxb3 34. g5 hxg5 35. Nxg5 Bf6 36. Ne4 Be7 37. g3 Rd8 38. Rf7 Rd7 39. R1f3 Rb5 40. Ng5 c4 41. dxc4 Re5 42. Rf1 Rd8 43. R7f5 Rxf5 44. Rxf5 Bxg5 45. Rxg5 Rd4 46. Rg4 Rd3 47. Rg6 c5 48. Rg5 Kh7 49. Rxc5 Rc3 50. Rc6 g6 51. Kg4 Kh6 52. h5 Kh7 53. Rc7+ Kh6 54. Rc6 Kh7 55. hxg6+ Kh6 56. Kf4 Rc1 57. g7+ Kxg7 58. Kg5 Kf7 59. g4 Ke7 60. Kg6 Kd7 61. Rc5 Kd6 62. Rd5+ Ke6 63. g5 Rxc4 64. Rd1 Rg4 65. Re1+ Kd7 66. Kf6 Rg3 67. g6 Rf3+ 68. Kg7 Rg3 69. Kf7 Rf3+ 70. Kg8 Re3 71. Rxe3 1-0


[Site "https://www.chess.com"]

[Event "Titled Tuesday Blitz April 26 Late 2022"]
[White "Mayaud, Raphael"]
[Black "Martinez Reyes, Pedro Ramon"]
[WhiteFideId "627151"]
[BlackFideId "3901807"]
[WhiteElo "2191"]
[BlackElo "2410"]
[Result "0-1"]
[Round "08"]
[TimeControl "180+1"]
[Date "2022.04.26"]
[WhiteClock "0:00:03"]
[BlackClock "0:01:41"]

1. d4 b6 2. e4 Bb7 3. Bd3 Nc6 4. c3 e5 5. d5 Nce7 6. c4 Ng6 7. Ne2 Nf6 8. O-O h5 9. f4 Bc5+ 10. Kh1 Ng4 11. Qe1 exf4 12. Nxf4 N6e5 13. Be2 Ne3 14. Bxe3 Bxe3 15. Nc3 Qg5 16. Nh3 Qh6 17. Qg3 f6 18. a4 a5 19. Nb5 O-O-O 20. b4 Bd2 21. bxa5 Bxa5 22. c5 bxc5 23. Rab1 Qd2 24. Na7+ Kb8 25. Qb3 Bb4 26. Rb2 Qc3 27. Qxc3 Bxc3 28. Rb3 Bb4 29. Nb5 c6 30. Nd6 cxd5 31. Nxb7 Kxb7 32. exd5 d6 33. Nf4 Kb6 34. Rfb1 Ra8 35. Bb5 h4 36. Rc1 Ra7 37. Ne6 Rh5 38. h3 Rf5 39. Kg1 Nf7 40. Rxb4 cxb4 41. Rc6+ Ka5 42. Nd4 b3 43. Rc4 Ne5 44. Nxb3+ Kb6 45. Rc2 Rf4 46. Nd2 Rd4 47. Nf3 Nxf3+ 48. gxf3 Rxd5 49. Rc6+ Ka5 50. Rc4 Rg5+ 51. Kf2 Rc5 52. Rxh4 d5 53. Rg4 Re7 54. h4 Rc2+ 55. Kg3 Rd2 56. h5 d4 57. h6 gxh6 58. Rg6 Rd1 59. Rxf6 d3 60. Ra6+ Kb4 61. Rd6 d2 62. Be2 Rxe2 0-1


[Site "https://www.chess.com"]

[Event "Titled Tuesday Blitz April 26 Late 2022"]
[White "Menna Barreto, Felipe Kubiaki"]
[Black "Shuvalova, Polina"]
[WhiteFideId "2119757"]
[BlackFideId "24171760"]
[WhiteElo "2261"]
[BlackElo "2355"]
[Result "0-1"]
[Round "08"]
[TimeControl "180+1"]
[Date "2022.04.26"]
[WhiteClock "0:00:21"]
[BlackClock "0:00:18"]

1. e4 c6 2. d3 d5 3. Nd2 g6 4. g3 Bg7 5. Bg2 e5 6. Ngf3 Ne7 7. O-O O-O 8. Re1 d4 9. a4 c5 10. Nc4 Nec6 11. c3 Be6 12. Bd2 Na6 13. Ng5 Bxc4 14. dxc4 dxc3 15. bxc3 Qd7 16. Bh3 Qe7 17. Qb3 Rad8 18. Nf3 b6 19. Bg5 Bf6 20. Be3 Na5 21. Qa2 Nc7 22. Red1 h5 23. Bf1 h4 24. Qc2 Kg7 25. g4 Qe6 26. g5 Qg4+ 27. Bg2 h3 28. gxf6+ Kxf6 29. Ne1 hxg2 30. f3 Qe6 31. Qxg2 Kg7 32. Nd3 Nxc4 33. Bf2 Rh8 34. Ne1 Qf6 35. Nc2 Ne6 36. Bg3 Nf4 37. Bxf4 Qxf4 38. Qg3 Kf6 39. Qxf4+ exf4 40. Kg2 g5 41. h3 Ke6 42. Kh2 f6 43. Kg2 Ne5 44. Na3 Rdg8 45. a5 Rh7 46. axb6 axb6 47. Nb5 Nc4 48. Nc7+ Rxc7 49. Rdb1 Rd8 50. Ra4 Rd2+ 51. Kf1 Ne3+ 52. Ke1 Rcd7 53. Rxb6+ Kf7 54. Ra1 Rh2 55. Rba6 Rdd2 56. Ra7+ Kg6 57. h4 Rhe2# 0-1


[Site "https://www.chess.com"]

[Event "Titled Tuesday Blitz April 26 Late 2022"]
[White "Mikhalsky, Vladimir"]
[Black "Melikhov, Evgeny V."]
[WhiteFideId "14144352"]
[BlackFideId "4122046"]
[WhiteElo "2301"]
[BlackElo "1931"]
[Result "0-1"]
[Round "08"]
[TimeControl "180+1"]
[Date "2022.04.26"]
[WhiteClock "0:00:52"]
[BlackClock "0:00:40"]

1. e4 e5 2. Nf3 Nc6 3. Bb5 a6 4. Ba4 Nf6 5. d3 b5 6. Bb3 Be7 7. a4 Bb7 8. O-O O-O 9. Nc3 b4 10. Nd5 d6 11. a5 Nxd5 12. Bxd5 Qd7 13. Bd2 Rab8 14. Qe1 Nd4 15. Nxd4 Bxd5 16. Nf5 Be6 17. Nxe7+ Qxe7 18. Bxb4 c5 19. Bc3 Qg5 20. Qe3 Qxe3 21. fxe3 f6 22. b3 Rfc8 23. h3 Kf7 24. Kh2 Ke7 25. g4 h5 26. Kg3 Rh8 27. Rh1 h4+ 28. Kg2 g5 29. d4 cxd4 30. exd4 Rhc8 31. Be1 Rxc2+ 32. Bf2 Rxb3 33. Rhc1 Rcb2 34. Rc7+ Bd7 35. dxe5 Rg3+ 36. Kf1 Rf3 37. exd6+ Kxd6 0-1


[Site "https://www.chess.com"]

[Event "Titled Tuesday Blitz April 26 Late 2022"]
[White "Mirza, Diana"]
[Black "Akrakan"]
[WhiteFideId "2503999"]
[WhiteElo "1813"]
[BlackElo "2105"]
[Result "1-0"]
[Round "08"]
[TimeControl "180+1"]
[Date "2022.04.26"]
[WhiteClock "0:00:05"]
[BlackClock "0:00:17"]

1. b4 d5 2. Bb2 Nf6 3. e3 Bf5 4. Nf3 e6 5. b5 c5 6. a4 Bd6 7. c4 O-O 8. cxd5 exd5 9. Be2 Nbd7 10. Nc3 Re8 11. O-O h6 12. Qb3 Be6 13. Qc2 Rc8 14. d3 Qc7 15. h3 Ne5 16. Nd1 Ng6 17. Bxf6 gxf6 18. Qb2 Be5 19. Nxe5 fxe5 20. Rc1 Qd6 21. Nc3 f5 22. Bh5 Kh7 23. b6 a6 24. a5 Rg8 25. Kh1 f4 26. Bxg6+ Rxg6 27. exf4 exf4 28. Rg1 Qe5 29. Qe2 Qf5 30. Qf3 Rcg8 31. Ne2 d4 32. Nxf4 Rf6 33. Qe4 Qxe4 34. dxe4 Rxf4 35. Rxc5 Rg7 36. f3 Rd7 37. Rd1 Rf8 38. Kg1 Rfd8 39. Kf2 Kg6 40. g4 Bb3 41. Rb1 Ba4 42. Rb4 Bb5 43. h4 d3 44. h5+ Kg7 45. Rc7 d2 46. Rxd7+ Rxd7 47. Rb1 d1=Q 48. Rxd1 Rxd1 49. Ke3 Re1+ 50. Kf4 Ra1 51. Ke5 Rxa5 52. f4 Bc6+ 53. Ke6 Rb5 54. e5 Rxb6 55. f5 Be4+ 56. Ke7 a5 57. f6+ Rxf6 58. exf6+ Kh7 59. f7 a4 60. f8=Q a3 61. Qf7+ Kh8 62. Qf6+ Kg8 63. Qxh6 a2 64. Qe6+ Kh8 65. Qxa2 Bc6 66. Qb2+ Kg8 67. g5 b5 68. h6 Be4 69. Qg7# 1-0


[Site "https://www.chess.com"]

[Event "Titled Tuesday Blitz April 26 Late 2022"]
[White "Miszler, Levente"]
[Black "Skliarov, Viktor"]
[WhiteFideId "763276"]
[BlackFideId "14106736"]
[WhiteElo "1966"]
[BlackElo "2229"]
[Result "1-0"]
[Round "08"]
[TimeControl "180+1"]
[Date "2022.04.26"]
[WhiteClock "0:01:26"]
[BlackClock "0:00:19"]

1. Nf3 g6 2. g3 Bg7 3. Bg2 Nf6 4. O-O O-O 5. c4 c5 6. Nc3 Nc6 7. d3 d5 8. cxd5 Nxd5 9. Nxd5 Qxd5 10. Be3 Qd6 11. Rc1 Nd4 12. Nxd4 cxd4 13. Bf4 e5 14. Bd2 Be6 15. Qa4 Qb6 16. b3 h5 17. Bb4 Rfc8 18. Qa5 Bh6 19. Qxb6 axb6 20. Rxc8+ Rxc8 21. Bxb7 Rc2 22. Bd6 f6 23. f4 Rxe2 24. fxe5 Be3+ 25. Kh1 Bh3 26. Ra1 fxe5 27. Bxe5 Kf7 28. Bd5+ Ke7 29. a4 Rb2 30. Re1 Be6 31. Bxe6 Kxe6 32. Bxd4 Rxb3 33. Rxe3+ Kd5 34. Bg7 Ra3 35. Kg2 Rxa4 36. Kf3 Ra2 37. h4 b5 38. Re5+ Kc6 39. Rg5 b4 40. Rxg6+ Kb5 41. Rg5+ Ka4 42. Rxh5 b3 43. Rh8 b2 44. Ra8+ Kb3 45. Rb8+ Kc2 46. Rxb2+ Rxb2 47. Bxb2 1-0


[Site "https://www.chess.com"]

[Event "Titled Tuesday Blitz April 26 Late 2022"]
[White "Moiseenko, Alexander"]
[Black "Tari, Aryan"]
[WhiteFideId "14102560"]
[BlackFideId "1510045"]
[WhiteElo "2577"]
[BlackElo "2567"]
[Result "0-1"]
[Round "08"]
[TimeControl "180+1"]
[Date "2022.04.26"]
[WhiteClock "0:00:01"]
[BlackClock "0:00:13"]

1. d4 Nf6 2. Bg5 d5 3. e3 Bf5 4. Bxf6 exf6 5. Bd3 Bxd3 6. Qxd3 c6 7. Nf3 Bd6 8. Nbd2 O-O 9. O-O Re8 10. c4 dxc4 11. Nxc4 Bf8 12. Rab1 a5 13. Rfd1 Nd7 14. g3 a4 15. b4 axb3 16. axb3 b5 17. Ncd2 Nb6 18. Rdc1 Nd5 19. Ra1 Nb4 20. Qe2 Qd7 21. Qf1 Na2 22. Rc2 Nb4 23. Rcc1 Ra2 24. Rxa2 Nxa2 25. Ra1 Nc3 26. Qd3 b4 27. Nb1 Qd5 28. Nfd2 Nd1 29. Qe2 Nc3 30. Qd3 Nd1 31. Qe2 Qxd4 32. exd4 Rxe2 33. Kf1 Nc3 34. Nxc3 Rxd2 35. Ne2 Rb2 36. Rc1 Rxb3 37. Rxc6 Rb1+ 38. Kg2 Rd1 39. Rc8 g6 40. Rb8 Kg7 41. Rb7 g5 42. h3 h5 43. g4 h4 44. Kf3 Rd3+ 45. Kg2 Kg6 46. Rb6 Kg7 47. Rb7 Bd6 48. Rb6 Be7 49. Rb7 Bf8 50. Rb8 Rd1 51. Rb7 Rb1 52. Rb6 b3 53. Nc3 Rb2 0-1


[Site "https://www.chess.com"]

[Event "Titled Tuesday Blitz April 26 Late 2022"]
[White "Moraes, Nelson da Silva"]
[Black "Vlassov, Nikolai"]
[WhiteFideId "2140772"]
[BlackFideId "4103360"]
[WhiteElo "2123"]
[BlackElo "2407"]
[Result "0-1"]
[Round "08"]
[TimeControl "180+1"]
[Date "2022.04.26"]
[WhiteClock "0:01:36"]
[BlackClock "0:01:52"]

1. e4 Nc6 2. d4 d5 3. exd5 Qxd5 4. Nf3 Bg4 5. Be2 O-O-O 6. Be3 Nh6 7. h3 Bxf3 8. Bxf3 Qa5+ 9. Bd2 Qb6 10. Bxc6 Qxc6 11. Bxh6 Qxg2 12. Qg4+ Qxg4 13. hxg4 gxh6 14. c3 Bg7 15. Nd2 e5 16. dxe5 Bxe5 17. Nf3 Bf4 18. Nd4 Rhe8+ 19. Kf1 c5 20. Nb3 b6 21. Rh3 Re4 22. a4 Bg5 23. f3 Rf4 24. a5 Kb7 25. axb6 axb6 26. Ke2 f5 27. gxf5 Rxf5 28. Rhh1 Re5+ 29. Kf2 Be3+ 30. Kg3 Rg8+ 31. Kh4 Bf2+ 0-1


[Site "https://www.chess.com"]

[Event "Titled Tuesday Blitz April 26 Late 2022"]
[White "Moral Garcia, Serafin"]
[Black "Sailer, Mike"]
[WhiteFideId "2201925"]
[BlackFideId "2012901"]
[WhiteElo "2228"]
[BlackElo "2109"]
[Result "0-1"]
[Round "08"]
[TimeControl "180+1"]
[Date "2022.04.26"]
[WhiteClock "0:01:03"]
[BlackClock "0:00:05"]

1. e4 d5 2. exd5 Qxd5 3. Nc3 Qd6 4. d4 Nf6 5. Nf3 c6 6. Ne5 Nbd7 7. Nc4 Qc7 8. Qf3 Nb6 9. Bf4 Qd8 10. O-O-O Bg4 11. Qg3 Bxd1 12. Nxd1 Nh5 13. Qg4 Nxf4 14. Qxf4 Nxc4 15. Bxc4 e6 16. Nc3 Be7 17. Kb1 O-O 18. h4 b5 19. Bb3 a5 20. a3 b4 21. axb4 Bxb4 22. Ne4 a4 23. Bc4 a3 24. c3 axb2 25. Kxb2 Ba3+ 26. Kc2 Qb8 27. Qg5 Qb2+ 28. Kd3 c5 29. Nf6+ Kh8 30. Rh3 Qxf2 31. Rf3 Qe1 32. Rg3 Qf1+ 33. Kc2 Qxf6 34. Qe3 cxd4 35. cxd4 Rfc8 36. Kd3 Rxc4 37. Kxc4 Bd6 38. Qe4 Rc8+ 39. Kb5 Bxg3 40. Qb7 Rb8 0-1


[Site "https://www.chess.com"]

[Event "Titled Tuesday Blitz April 26 Late 2022"]
[White "Moskalenko, Alexander"]
[Black "Paravyan, David"]
[WhiteFideId "4155351"]
[BlackFideId "4194985"]
[WhiteElo "2434"]
[BlackElo "2569"]
[Result "1-0"]
[Round "08"]
[TimeControl "180+1"]
[Date "2022.04.26"]
[WhiteClock "0:00:31"]
[BlackClock "0:00:01"]

1. c4 Nf6 2. Nc3 c5 3. Nf3 d5 4. cxd5 Nxd5 5. e3 e6 6. d4 cxd4 7. exd4 Nxc3 8. bxc3 Qc7 9. Bd2 Nd7 10. Bd3 b6 11. Ng5 Bb7 12. Qh5 g6 13. Qh3 Bg7 14. O-O h6 15. Nxe6 fxe6 16. Qxe6+ Kd8 17. Qxg6 Bf6 18. Rae1 Bd5 19. Re2 Rg8 20. Rfe1 Qd6 21. Re8+ Kc7 22. Qxg8 Bxg8 23. Rxa8 Bd5 24. Rxa7+ Kb8 25. Ra4 Bxg2 26. Re8+ Kc7 27. Ra7+ Kc6 28. Be4+ Bxe4 29. Rxe4 Kd5 30. Bf4 Qc6 31. Re3 Nf8 32. Bg3 Kc4 33. Rc7 Qxc7 34. Bxc7 b5 35. Bd6 Nd7 36. Bb4 1-0


[Site "https://www.chess.com"]

[Event "Titled Tuesday Blitz April 26 Late 2022"]
[White "Nakamura, Hikaru"]
[Black "Bortnyk, Olexandr"]
[WhiteFideId "2016192"]
[BlackFideId "14120828"]
[WhiteElo "2850"]
[BlackElo "2723"]
[Result "0-1"]
[Round "08"]
[TimeControl "180+1"]
[Date "2022.04.26"]
[WhiteClock "0:00:05"]
[BlackClock "0:00:04"]

1. Nf3 Nf6 2. c4 d6 3. d4 g6 4. Nc3 Bf5 5. g3 Bg7 6. Bg2 O-O 7. O-O Ne4 8. Qb3 Nxc3 9. bxc3 Be4 10. Re1 b6 11. Bf1 Nc6 12. Nd2 Na5 13. Qd1 Bb7 14. e4 c5 15. Bb2 Qd7 16. d5 Rae8 17. Qc2 Ba6 18. Rad1 e5 19. Bd3 f5 20. exf5 gxf5 21. f3 Qf7 22. Kh1 Qh5 23. Rg1 e4 24. Be2 e3 25. Nb3 Nxc4 26. Bc1 Kh8 27. a4 f4 28. gxf4 Rxf4 29. Rg2 Qf5 30. Qa2 Bb7 31. Nxc5 bxc5 32. Bxc4 Rxc4 33. Qxc4 Qxf3 34. Qd3 c4 35. Qe2 Bxd5 36. Rxd5 Qxd5 37. Qg4 Bxc3 38. Bxe3 Rg8 39. Qxg8+ Qxg8 40. Rxg8+ Kxg8 41. Bxa7 Bd2 42. Bb6 c3 43. Ba5 d5 44. Bb4 Be1 45. Ba3 c2 46. Kg2 Bd2 47. a5 Bxa5 48. Bc1 Kf7 49. Kf3 Ke6 50. Ke3 Bc7 51. h3 Kf5 52. Kd3 Bf4 53. Bb2 c1=Q 54. Bxc1 Bxc1 55. Kd4 Kf4 0-1


[Site "https://www.chess.com"]

[Event "Titled Tuesday Blitz April 26 Late 2022"]
[White "Naroditsky, Daniel"]
[Black "Rustemov, Alexander"]
[WhiteFideId "2026961"]
[BlackFideId "4119002"]
[WhiteElo "2608"]
[BlackElo "2868"]
[Result "1-0"]
[Round "08"]
[TimeControl "180+1"]
[Date "2022.04.26"]
[WhiteClock "0:00:05"]
[BlackClock "0:00:01"]

1. d4 d5 2. c4 c6 3. Nc3 Nf6 4. Nf3 dxc4 5. g3 b5 6. Bg2 Bb7 7. e4 e6 8. e5 Nd5 9. Ng5 Be7 10. Qh5 g6 11. Qh6 Bf8 12. Qh3 Be7 13. Nce4 h6 14. Nxe6 Qc8 15. N6c5 Na6 16. Nxb7 Qxb7 17. O-O Qd7 18. Re1 Qxh3 19. Bxh3 Nab4 20. Re2 Rd8 21. a4 a6 22. axb5 axb5 23. Ra7 Kf8 24. f4 Nd3 25. Bd2 Kg7 26. Bd7 N5b4 27. Bc3 Ra8 28. Rxa8 Rxa8 29. e6 f6 30. Nc5 Ra1+ 31. Kg2 Rb1 32. Nxd3 Nxd3 33. d5 cxd5 34. Bxb5 Kf8 35. Bc6 Rd1 36. Bxd5 Nxf4+ 37. gxf4 Rxd5 38. Re4 Rd6 39. Rxc4 Rxe6 40. Kf3 f5 41. b4 Ke8 42. Be5 Rb6 43. Bc3 Kd7 44. Ke3 Rc6 45. Kd3 Rxc4 46. Kxc4 g5 47. fxg5 hxg5 48. Kd5 g4 49. b5 Bd6 50. Be5 Be7 51. b6 Bd8 52. b7 Bc7 53. b8=Q Bxb8 54. Bxb8 Ke7 55. Ke5 f4 56. Kxf4 1-0


[Site "https://www.chess.com"]

[Event "Titled Tuesday Blitz April 26 Late 2022"]
[White "Nazaretyan, Tigran"]
[Black "Papp, Petra"]
[WhiteFideId "24162345"]
[BlackFideId "739049"]
[WhiteElo "2225"]
[BlackElo "2259"]
[Result "1/2-1/2"]
[Round "08"]
[TimeControl "180+1"]
[Date "2022.04.26"]
[WhiteClock "0:00:03"]
[BlackClock "0:00:04"]

1. d4 Nf6 2. c4 c5 3. d5 b5 4. cxb5 a6 5. bxa6 Bxa6 6. Nc3 d6 7. e4 Bxf1 8. Kxf1 g6 9. g3 Bg7 10. Kg2 O-O 11. Nf3 Nbd7 12. a4 Qa5 13. Qc2 Rfb8 14. Bd2 Qb4 15. Rhb1 Nb6 16. Ra3 Nc4 17. Ra2 Nd7 18. Be1 Qb3 19. Qxb3 Rxb3 20. Nd2 Nxd2 21. Bxd2 Nb6 22. Rba1 Nc4 23. Bc1 Ra5 24. Kf1 Bd4 25. Ke2 Kg7 26. Kd3 Ne5+ 27. Kc2 c4 28. f4 Nd3 29. Bd2 Ra6 30. Kb1 Rab6 31. Kc2 Nb4+ 32. Kc1 Nxa2+ 33. Rxa2 f5 34. exf5 gxf5 35. a5 Ra6 36. Kc2 Kf7 37. h3 e6 38. dxe6+ Kxe6 39. g4 Bxc3 40. Bxc3 d5 41. Ra1 Kd7 42. Re1 d4 43. Bxd4 Rxh3 44. Bb6 fxg4 45. Rf1 g3 46. f5 g2 47. Rg1 Rg3 48. Kd2 h5 49. Ke2 h4 50. Kf2 Ke7 51. Rxg2 Rxg2+ 52. Kxg2 Kf6 53. Kh3 Kxf5 54. Kxh4 Ke4 55. Kg4 Kd3 56. Kf4 Kc2 57. Ke3 Kxb2 58. Kd4 Kb3 59. Kc5 c3 60. Kb5 Ra8 61. a6 c2 62. Be3 Rb8+ 63. Kc6 Rc8+ 64. Kb7 Re8 65. Bf4 Rf8 66. Bg5 Rf5 67. Bh6 Rb5+ 68. Kc6 Ra5 69. Kb6 Rh5 70. Bf4 Rf5 71. Be3 Rf3 72. Bc1 Rf1 73. a7 Rxc1 74. a8=Q Rb1 75. Qd5+ Kc3+ 76. Kc5 c1=Q 77. Qd4+ Kc2 78. Kc4 Qb2 79. Qd3+ Kc1 80. Qf1+ Kc2 81. Qd3+ Kc1 82. Qf1+ Kd2 83. Qf2+ Kd1 84. Qf1+ Kd2 85. Qf2+ Kc1 86. Qf1+ 1/2-1/2


[Site "https://www.chess.com"]

[Event "Titled Tuesday Blitz April 26 Late 2022"]
[White "Omariev, Maksim"]
[Black "Fishbein, Alexander"]
[WhiteFideId "4193423"]
[BlackFideId "2000377"]
[WhiteElo "2515"]
[BlackElo "2442"]
[Result "0-1"]
[Round "08"]
[TimeControl "180+1"]
[Date "2022.04.26"]
[WhiteClock "0:00:04"]
[BlackClock "0:00:09"]

1. g4 e5 2. Bg2 c6 3. d4 exd4 4. Qxd4 d5 5. Nc3 Nd7 6. Bf4 Qb6 7. Qxb6 axb6 8. e4 d4 9. Nce2 c5 10. e5 Ne7 11. Bg3 Nc6 12. f4 h5 13. h3 hxg4 14. hxg4 Rxh1 15. Bxh1 g5 16. Bxc6 bxc6 17. f5 Be7 18. Nf3 Bd8 19. Kd2 Nf8 20. c3 f6 21. e6 Nxe6 22. fxe6 Bxe6 23. cxd4 Bxg4 24. Ke3 Be7 25. a3 Kf7 26. Rh1 Kg7 27. Kf2 Re8 28. Bc7 cxd4 29. Bxb6 c5 30. b4 d3 31. Ng3 cxb4 32. a4 b3 33. a5 Bd6 34. Rb1 Be6 35. Ne4 Bf4 36. Nc5 Bd5 37. Nxb3 Re2+ 38. Kf1 Bxf3 39. Nd4 Bg2+ 40. Kg1 Be3+ 41. Kh2 Bf4+ 42. Kg1 Be3+ 43. Kh2 Bxd4 44. Bxd4 Be4+ 45. Kg3 d2 46. a6 Bxb1 47. a7 Be4 48. a8=Q Bxa8 49. Bxf6+ Kxf6 50. Kh3 d1=Q 51. Kg4 Qd4+ 52. Kh5 Qh4# 0-1


[Site "https://www.chess.com"]

[Event "Titled Tuesday Blitz April 26 Late 2022"]
[White "Onslow, Alfie"]
[Black "Gutierrez Olivares, Daniel"]
[WhiteFideId "436976"]
[BlackFideId "2264005"]
[WhiteElo "1884"]
[BlackElo "2317"]
[Result "1-0"]
[Round "08"]
[TimeControl "180+1"]
[Date "2022.04.26"]
[WhiteClock "0:01:53"]
[BlackClock "0:00:34"]

1. Nf3 Nf6 2. c4 e6 3. g3 d5 4. Bg2 c6 5. O-O Nbd7 6. b3 Bd6 7. Bb2 a5 8. Nc3 O-O 9. d3 Re8 10. e4 dxc4 11. dxc4 Bc5 12. e5 Ng4 13. Ne4 Qc7 14. Nxc5 Nxc5 15. Ba3 Rd8 16. Qe2 Qb6 17. h3 Nh6 18. Rfd1 Bd7 19. Qe3 Na4 20. bxa4 Qxe3 21. fxe3 Nf5 22. Kf2 h5 23. g4 hxg4 24. hxg4 Nh6 25. Kg3 f5 26. Be7 Re8 27. Rxd7 fxg4 28. Nh4 Rxe7 29. Rxe7 g5 30. Rxe6 gxh4+ 31. Kxh4 Nf5+ 32. Kxg4 Ng7 33. Re7 1-0


[Site "https://www.chess.com"]

[Event "Titled Tuesday Blitz April 26 Late 2022"]
[White "Oparin, Grigoriy"]
[Black "Lashkin, Jegor"]
[WhiteFideId "24125890"]
[BlackFideId "13907808"]
[WhiteElo "2665"]
[BlackElo "2368"]
[Result "1/2-1/2"]
[Round "08"]
[TimeControl "180+1"]
[Date "2022.04.26"]
[WhiteClock "0:00:12"]
[BlackClock "0:00:05"]

1. c4 e5 2. Nc3 Nf6 3. Nf3 Nc6 4. e4 Bb4 5. d3 d6 6. a3 Bc5 7. b4 Bb6 8. Be3 Bg4 9. Be2 Bxf3 10. Bxf3 Nd4 11. O-O O-O 12. Na4 Ne6 13. Nxb6 axb6 14. g3 Qd7 15. a4 c5 16. Bg2 h5 17. Bh3 Qe7 18. Bxe6 Qxe6 19. Kg2 Ng4 20. Bd2 f5 21. f3 Nf6 22. Qe2 h4 23. exf5 Qxf5 24. g4 Qg6 25. h3 d5 26. cxd5 Nxd5 27. bxc5 bxc5 28. Qe4 Qxe4 29. fxe4 Rxf1 30. Kxf1 Nb4 31. Bxb4 cxb4 32. Ke2 Ra5 33. Rb1 Rxa4 34. g5 Kf7 35. Kf3 Ke6 36. Kg4 g6 37. Kxh4 Kd6 38. Kg4 Kc5 39. h4 Ra2 40. Kh3 Ra3 41. h5 gxh5 42. g6 Rxd3+ 43. Kh4 Rd2 44. Rg1 Rd8 45. g7 Rg8 46. Kxh5 Kd4 47. Kg6 Kxe4 48. Rb1 Kd3 49. Rxb4 e4 50. Rb3+ Kd2 51. Rxb7 e3 52. Rd7+ Ke1 53. Kf7 Rxg7+ 54. Kxg7 e2 55. Re7 Kf2 56. Rxe2+ Kxe2 1/2-1/2


[Site "https://www.chess.com"]

[Event "Titled Tuesday Blitz April 26 Late 2022"]
[White "Oro, Luis"]
[Black "Romero Ruscalleda, Josep"]
[WhiteFideId "104094"]
[BlackFideId "2231859"]
[WhiteElo "2385"]
[BlackElo "2318"]
[Result "0-1"]
[Round "08"]
[TimeControl "180+1"]
[Date "2022.04.26"]
[WhiteClock "0:00:15"]
[BlackClock "0:00:48"]

1. e4 g6 2. d4 Bg7 3. Nc3 d6 4. f4 a6 5. Nf3 b5 6. Bd3 Nd7 7. Be3 Bb7 8. O-O c5 9. Re1 Ngf6 10. e5 Ng4 11. Be4 Nxe3 12. Rxe3 Bxe4 13. Nxe4 cxd4 14. Qxd4 dxe5 15. fxe5 Nxe5 16. Qb4 Nxf3+ 17. Rxf3 Qd4+ 18. Qxd4 Bxd4+ 19. Kf1 Bxb2 20. Re1 O-O 21. Nc5 Rfe8 22. Nd3 Bd4 23. Nf4 e5 24. Nd5 Re6 25. Nc7 Rae8 26. Nxe8 Rxe8 27. Rd3 Rc8 28. Re2 Rc4 29. g4 f5 30. gxf5 gxf5 31. Rg2+ Kf7 32. Rdg3 e4 33. Rh3 Ke6 34. Rxh7 Ke5 35. Re7+ Kf4 36. Rh7 Ra4 37. Rh4+ Ke5 38. Rh8 Rxa2 39. Re8+ Kf4 40. h4 Kf3 41. Re2 Bc3 42. Rf2+ Kg3 43. h5 Ra1+ 44. Ke2 Re1# 0-1


[Site "https://www.chess.com"]